 Dungeon Crawl Stone Soup version 0.28.0 (webtiles) character file.

Game seed: 5146833734892562673

44 sanka the Magician (level 3, -1/20 HPs)
             Began as a Deep Elf Transmuter on Feb 8, 2022.
             Killed from afar by Sigmund (6 damage)
             ... with a magic dart
             ... on level 2 of the Dungeon.
             The game lasted 00:03:07 (2039 turns).

sanka the Magician (Deep Elf Transmuter)            Turns: 2039, Time: 00:03:08

Health: -1/20      AC:  4    Str:  7    XL:     3   Next: 41%
Magic:  11/11      EV: 12    Int: 19    God:
Gold:   100        SH:  0    Dex: 15    Spells: 8/12 levels left

rFire   . . .      SeeInvis .     - Unarmed
rCold   . . .      Faith    .   (no shield)
rNeg    . . .      Spirit   .   a - +0 robe
rPois   .          Reflect  .   (no helmet)
rElec   .          Harm     .   (no cloak)
rCorr   .          Rampage  .   e - +0 pair of gloves
Will    .....                   d - +0 pair of boots
Stlth   +.........              (no amulet)
HPRegen 0.06/turn               (no ring)
MPRegen 0.12/turn               (no ring)

@: invisible
A: no striking features
a: no special abilities


You were on level 2 of the Dungeon.
You visited 1 branch of the dungeon, and saw 2 of its levels.

You collected 100 gold pieces.

Inventory:

Hand Weapons
 m - a +2 dagger of pain
Missiles
 j - 2 javelins
Armour
 a - a +0 robe (worn)
 d - a +0 pair of boots (worn)
 e - a +0 pair of gloves (worn)
Scrolls
 b - a scroll of fear {unknown}
 c - a scroll of silence {unknown}
 f - 2 scrolls of summoning {unknown}
 g - a scroll of teleportation {unknown}
 h - a scroll of magic mapping {unknown}
 l - a scroll of identify {unknown}
Potions
 i - a potion of curing {unknown}
 k - a potion of flight {unknown}
 n - 2 potions of invisibility
 o - a potion of brilliance {unknown}


   Skills:
 - Level 0.7 Fighting
 - Level 2.4 Dodging
 - Level 2.4 Unarmed Combat
 - Level 5.1 Spellcasting
 + Level 1.1 Necromancy
 - Level 2.1 Transmutations


You had 8 spell levels left.
You knew the following spells:

 Your Spells              Type           Power      Damage    Failure   Level
a - Beastly Appendage     Tmut           26%        N/A       4%          1
b - Vampiric Draining     Necr           9%         2d6       24%         3

Your spell library contained the following spells:

 Spells                   Type           Power      Damage    Failure   Level
 Animate Skeleton         Necr           18%        N/A       8%          1
 Wereblood                Tmut           13%        N/A       8%          2
 Apportation              Tloc           8%         N/A       12%         1
 Slow                     Hex            16%        N/A       12%         1
 Summon Small Mammal      Summ           16%        N/A       12%         1
 Spider Form              Tmut/Pois      9%         N/A       24%         3
 Confusing Touch          Hex            4%         N/A       36%         3
 Ice Form                 Ice/Tmut       9%         N/A       61%         4


Dungeon Overview and Level Annotations

Branches:
Dungeon (2/15)

Altars:

Annotations:
D:2 Sigmund


Message History

An adder comes into view.
Found a trident.
The adder hisses angrily.
You grow a pair of large bovine horns.
Your feet morph into talons.
Your +0 pair of boots melds into your body.
The adder completely misses you.
You barely miss the adder. The adder barely misses you.
You hit the adder. Your kick misses the adder.
The adder is moderately wounded.
The adder barely misses you.
You miss the adder. You claw the adder.
The adder is almost dead.
The adder bites you. The adder closely misses you.
You hit the adder.
You kill the adder!
Your Necromancy skill increases to level 1!
No target in view!
No target in view!
You start resting.
Your transformation is almost over.
Your horns disappear.
Your talons disappear.
Your +0 pair of boots unmelds from your body.
You start resting.
HP restored.
You see here a +0 trident.
Sigmund is nearby!
Sigmund shouts!
Sigmund hits you from afar with a +0 scythe!
Ouch! That really hurt!
Sigmund mumbles some strange words.
Sigmund flickers and vanishes!
Deactivating autopickup; reactivate with Ctrl-A.
A magic dart appears from out of thin air!
The magic dart hits you.
* * * LOW HITPOINT WARNING * * *
It was a potion of invisibility.
You fade into invisibility!
A magic dart appears from out of thin air!
The magic dart hits you.
You die...

...#
#...######.....##.##
#### ##.### #.....##.#
## ####..# #........#
.#####....## #.....####
....#..#### #..{..#
......## ##.....#
.......#### #......#
..........##
#####.######
......#....###..@..#
......##....#..#####
......####....##########
........................
.....#####....(.........
....## ##..#####.#######
##### #..## #..#####
#.## #).....# ###.#
#......#


There were no monsters in sight!

Vanquished Creatures
  An adder (D:2)
  A dart slug (D:1)
  3 bats (D:2)
  A giant cockroach (D:1)
  2 goblins
  4 hobgoblins
  3 jackals (D:1)
  3 kobolds
  5 quokkas (D:1)
  A ball python (D:2)
  2 frilled lizards (D:1)
  5 rats
31 creatures vanquished.

Notes
Turn   | Place    | Note
-------+----------+-------------------------------------------
     0 | D:1      | sanka the Deep Elf Transmuter began the quest for the Orb.
     0 | D:1      | Reached XP level 1. HP: 11/11 MP: 6/6
   741 | D:1      | Reached skill level 4 in Spellcasting
   741 | D:1      | Reached XP level 2. HP: 16/16 MP: 9/9
  1263 | D:2      | Reached XP level 3. HP: 17/20 MP: 11/11
  1325 | D:2      | Reached skill level 5 in Spellcasting
  1391 | D:2      | Noticed Sigmund
  1733 | D:2      | Learned a level 3 spell: Vampiric Draining
  1872 | D:2      | Reached skill level 1 in Necromancy
  2039 | D:2      | Killed from afar by Sigmund

Illustrated notes

Levels and vault maps discovered:
D:1:      co_arrival_two_rings, layout_rooms, minmay_split_cup_large
D:2:      layout_rooms, minmay_door_square, uniq_sigmund

Skill      XL: |  1  2  3 |
---------------+----------+-----
Spellcasting   | 4 5 |  5.1
Necromancy     | 1 |  1.1
Fighting       | |  0.7
Dodging        | |  2.4
Unarmed Combat | |  2.4
Transmutations | |  2.1

Action                   || total
-------------------------++-------
Melee: Unarmed           ||    96
       Kick              ||    19
       Headbutt          ||     7
       Punch             ||     2
 Cast: Beastly Appendage ||    15
  Use: Potion            ||     1
Armor: Robe              ||    31
Dodge: Dodged            ||    71
